 Dungeon Crawl Stone Soup version 0.27.1-1-g398f81649c (webtiles) character file.

Game seed: 12615048359101853163

595 ZARRMARR the Sneak (level 7, -6/48 HPs)
             Began as an Octopode Brigand on Sept 8, 2021.
             Splashed by a jelly's acid (11 damage)
             ... on level 4 of the Dungeon.
             The game lasted 00:24:45 (5370 turns).

ZARRMARR the Sneak (Octopode Brigand)               Turns: 5370, Time: 00:24:47

Health: -6/48      AC: -3    Str: 10    XL:     7   Next: 40%
Magic:  7/7        EV: 14    Int: 15    God:
Gold:   88         SH:  0    Dex: 14    Spells: 6/6 levels left

rFire    + . .     SeeInvis .   a - +2 dagger
rCold    . . .     Faith    .   (no shield)
rNeg     . . .     Spirit   .   h - +0 hat
rPois    .         Reflect  .   (no amulet)
rElec    .         Harm     .   l - ring of protection from fire
rCorr    .         Rampage  .   (no ring)
Will     .....                  (no ring)
Stlth    +++++.....             (no ring)
HPRegen  0.16/turn              (no ring)
MPRegen  0.10/turn              (no ring)
                                (no ring)
                                (no ring)

@: corroded
A: almost no armour, amphibious, 8 rings, camouflage 1, gelatinous body 1,
(nimble swimmer 1), tentacles
a: no special abilities


You were on level 4 of the Dungeon.
You visited 2 branches of the dungeon, and saw 7 of its levels.

You collected 130 gold pieces.
You spent 42 gold pieces at shops.

Inventory:

Hand Weapons
 a - a +2 dagger (weapon)
 g - a +0 short sword of speed
Missiles
 b - 22 poisoned darts (quivered)
Armour
 h - a +0 hat (worn)
Jewellery
 l - a ring of protection from fire (left tentacle)
Wands
 i - a wand of digging (6)
Scrolls
 c - a scroll of vulnerability {unknown}
 n - a scroll of enchant armour
Potions
 f - a potion of attraction
 j - 2 potions of cancellation


   Skills:
 + Level 4.2 Fighting
 + Level 4.2 Short Blades
 - Level 2.0 Throwing
 + Level 3.8 Dodging
 + Level 7.7 Stealth


You had 6 spell levels left.
You didn't know any spells.
Your spell library contained the following spells:

 Spells                   Type           Power      Damage    Failure   Level
 Static Discharge         Conj/Air       0%         N/A       38%         2
 Dispel Undead            Necr           0%         3d6       95%         4
 Sticky Flame             Conj/Fire      0%         2d3       95%         4


Dungeon Overview and Level Annotations

Branches:
Dungeon (6/15)             Temple (1/1) D:5

Altars:
Ashenzari
Cheibriados
Dithmenos
Fedhas
Makhleb
Okawaru
Sif Muna
Trog
Wu Jian
Xom
Zin

Shops:
D:2 *


Innate Abilities, Weirdness & Mutations

You cannot wear most types of armour.
You are amphibious.
You can wear up to eight rings at the same time.
Your skin changes colour to match your surroundings (Stealth+).
Your rubbery body absorbs attacks. (AC +1, EV +1)
((You are camouflaged near water. (Stealth+)))
You have tentacles for arms and can constrict up to eight enemies at once.


Message History

The jelly completely misses you.
You hit the jelly but do no damage.
Your tentacles burn!
The jelly is moderately wounded.
You hit the jelly.
Your tentacles burn!
You squeeze the jelly, but do no damage.
The jelly is moderately wounded.
The jelly hits you.
You are splashed with acid!
It was a potion of heal wounds.
You feel much better. The jelly closely misses you.
You hit the jelly but do no damage. The acid corrodes you!
Your tentacles burn!
The jelly is moderately wounded.
The jelly hits you.
You are splashed with acid!
It was a potion of brilliance.
You feel clever all of a sudden. The jelly barely misses you.
You see here 14 stones.
The jelly jiggles.
You are no longer corroded.
You feel a little less clever now.
There is a stone staircase leading up here.
The jelly hits you.
You are splashed with acid!
You climb upwards.
There is a stone staircase leading down here.
You hit the jelly. The acid corrodes you!
Your tentacles burn!
The jelly is moderately wounded.
The jelly barely misses you.
You hit the jelly.
Your tentacles burn!
You squeeze the jelly.
The jelly is severely wounded.
The jelly misses you.
You hit the jelly but do no damage.
Your tentacles burn!
* * * LOW HITPOINT WARNING * * *
The jelly is severely wounded.
You hit the jelly but do no damage.
Your tentacles burn!
* * * LOW HITPOINT WARNING * * *
You squeeze the jelly.
The jelly is almost dead.
The jelly hits you.
* * * LOW HITPOINT WARNING * * *
You are splashed with acid!
You die...

..(........ ............
....#....... ....#.....). ..
........... #### .#
........... #.. .# .......#
#.# ####.#
.......#########.###..#.####
....<..........J@.....#....#
....#..######'##.#.......# #
....##.## #....#.........#.#
######..# #....#...........#
#..###...(#..#........#
#...##....#...<..#...##
#...##....##..##.#.###
#######..###.###.....#.#
#.........##†# #.##..#.#


You could see a jelly.

Vanquished Creatures
  A sky beast (D:5)
  A black bear (D:5)
  A phantom (D:5)
  A howler monkey (D:5)
  A wight (D:6)
  A bullfrog skeleton (D:5)
  An orc wizard (D:5)
  A hound skeleton (D:4)
  Robin (D:2)
  A howler monkey skeleton (D:5)
  6 adders
  A white imp (D:5)
  A dart slug (D:1)
  2 worms
  2 orcs (D:5)
  8 ball pythons
  11 endoplasms
  2 giant cockroaches
  15 goblins
  8 hobgoblins
  9 jackals
  3 quokkas
  6 bats
  A frilled lizard (D:1)
  8 kobolds
  6 rats
99 creatures vanquished.

Notes
Turn   | Place    | Note
-------+----------+-------------------------------------------
     0 | D:1      | ZARRMARR the Octopode Brigand began the quest for the Orb.
     0 | D:1      | Reached XP level 1. HP: 14/14 MP: 1/1
   273 | D:1      | Reached XP level 2. HP: 19/19 MP: 2/2
   589 | D:1      | Found a faded altar of an unknown god.
   662 | D:1      | Reached XP level 3. HP: 25/25 MP: 3/3
   968 | D:2      | You fall into a shaft and drop 1 floor!
  1155 | D:3      | Reached XP level 4. HP: 30/30 MP: 4/4
  1158 | D:3      | Reached skill level 6 in Stealth
  1508 | D:2      | Found Ziss's General Store.
  1514 | D:2      | Bought a scroll of fear for 42 gold pieces
  1730 | D:2      | Noticed Robin
  2271 | D:2      | Reached XP level 5. HP: 9/36 MP: 5/5
  2271 | D:2      | Killed Robin
  2751 | D:3      | Found an iron altar of Okawaru.
  2895 | D:3      | Found a glowing silver altar of Zin.
  3341 | D:4      | Identified the +1 helmet of Weightlessness {-Tele rElec
                  | rCorr}
  3346 | D:4      | Noticed a phantom
  3617 | D:5      | Entered Level 5 of the Dungeon
  3980 | D:5      | Found a staircase to the Ecumenical Temple.
  3988 | Temple   | Entered the Ecumenical Temple
  4254 | D:5      | Reached XP level 6. HP: 15/42 MP: 6/6
  4255 | D:5      | Reached skill level 7 in Stealth
  4446 | D:5      | Noticed a necrophage
  4665 | D:5      | Noticed a black bear
  4698 | D:5      | Killed a black bear
  4914 | D:5      | Reached XP level 7. HP: 48/48 MP: 7/7
  4936 | D:5      | HP: 2/48 [something (6)]
  5370 | D:4      | Splashed by a jelly's acid

Illustrated notes

Levels and vault maps discovered:
D:1:      sevenhm_arrival_forest_fort_small_6, layout_basic,
          dilly_ecumenical_altar_fadedgnrine
D:2:      layout_basic, serial_shops, shop, minmay_domino_4, uniq_robin
D:3:      layout_rooms, nicolae_overflow_hidden_temple, general_overflow_altar,
          amcnicky_mini_corridor_feature, hangedman_decor_diamond_cutter
D:4:      layout_basic
D:5:      minmay_bubble_buster, layout_basic,
          nicolae_hepliaklqana_monster_ancestors, temple_fountains
D:6:      layout_layer_cave, mainiacjoe_overflow_swirl,
          mainiacjoe_overflow_concentric_impassable, minmay_fire_ice_demons,
          uniq_crazy_yiuf_cottage
Temple:   compressed_dpeg_triangle_lava_temple

Skill      XL: |  1  2  3  4  5  6 |
---------------+-------------------+-----
Dodging        | 2 3 |  3.8
Stealth        | 6 7 |  7.7
Fighting       | 3 4 |  4.2
Short Blades   | 3 4 |  4.2
Throwing       | |  2.0

Action                   |  1- 3 |  4- 6 |  7- 9 || total
-------------------------+-------+-------+-------++-------
Melee: Dagger            |    55 |   146 |    25 ||   226
       Constrict         |    12 |    34 |       ||    46
       Tentacles         |    11 |    28 |     5 ||    44
Throw: Dart              |       |    20 |     2 ||    22
Evoke: Wand              |       |     8 |       ||     8
  Use: Scroll            |     3 |    10 |       ||    13
       Potion            |       |       |     3 ||     3
 Stab: Sleeping          |    13 |    16 |       ||    29
       Distracted        |       |     2 |       ||     2
Armor: Skin              |     3 |     3 |       ||     6
Dodge: Dodged            |    23 |    75 |    11 ||   109
